 Dungeon Crawl Stone Soup version 0.31-a0-810-ga77100ea1a (webtiles) character file.

Game seed: 11514387366519484286

2430 Age the Thrower (level 9, 0/78 HPs)
             Began as a Minotaur Fighter on Sept 21, 2023.
             Was an Initiate of Gozag.
             Killed from afar by a larval stingfire beast (9 damage)
             ... with a blast of flame
             ... on level 8 of the Dungeon.
             The game lasted 00:16:56 (8406 turns).

Age the Thrower (Minotaur Fighter)                  Turns: 8406, Time: 00:16:59

Health: 0/78       AC:  7    Str: 24    XL:     9   Next: 24%
Magic:  8/8        EV:  9    Int:  5    God:    Gozag
Gold:   460        SH:  5    Dex: 11    Spells: 8/8 levels left

rFire   . . .        a - +0 war axe
rCold   . . .        c - +0 buckler
rNeg    . . .        b - +0 scale mail
rPois   .            (helmet restricted)
rElec   .            (no cloak)
rCorr   .            (no gloves)
SInv    .            (no boots)
Will    .....        (no amulet) Stlth
                     (no ring)
HPRegen 0.33/turn    (no ring)
MPRegen 0.11/turn

%: no passive effects
@: studying Throwing
A: horns 2, retaliatory headbutt
a: Renounce Religion, Potion Petition, Call Merchant, Bribe Branch


You were on level 8 of the Dungeon.
You worshipped Gozag.
Gozag was aware of your devotion.
You visited 2 branches of the dungeon, and saw 9 of its levels.

You collected 694 gold pieces.
You spent 97 gold pieces at shops.
You paid 137 gold pieces to Gozag.

Inventory:

Hand Weapons
 a - a +0 war axe (weapon)
Missiles
 j - 11 poisoned darts (quivered)
 n - 40 stones
Armour
 b - a +0 scale mail (worn)
 c - a +0 buckler (worn)
Jewellery
 h - a ring of wizardry
 u - a ring of magical power
 x - a ring of willpower
 y - a ring of fire
Wands
 p - a wand of paralysis (13)
Scrolls
 e - 3 scrolls of revelation
 f - 2 scrolls of immolation
 g - 5 scrolls of fear
 i - 2 scrolls of brand weapon
 k - 2 scrolls of identify
 m - a scroll of enchant weapon
 o - a scroll of fog
 q - a scroll of vulnerability
 t - a scroll of blinking {unknown}
 v - 2 scrolls of amnesia
 A - a scroll of poison {unknown}
Potions
 d - a potion of haste {unknown}
 l - a potion of attraction {unknown}
 r - 3 potions of curing
 s - a potion of degeneration {unknown}
 w - a potion of resistance {unknown}
 z - a potion of enlightenment {unknown}
 B - a potion of brilliance {unknown}


   Skills:
 - Level 6.4 Fighting
 - Level 5.9 Axes
 + Level 12.1 Throwing
 - Level 6.5 Armour
 - Level 6.4 Shields


You had 8 spell levels left.
You didn't know any spells.
Your spell library contained the following spells:

 Spells                   Type           Power      Damage    Failure   Level
 Necrotise                Necr           0%         1d4       80%         1
 Cigotuvi's Dreadful Rot  Necr/Pois/Air  0%         N/A       91%         2
 Stone Arrow              Conj/Erth      0%         3d7       99%         3
 Vampiric Draining        Necr           0%         2d6       99%         3
 Animate Armour           Summ/Erth      0%         N/A       100%        4
 Dispel Undead            Necr           0%         3d6       100%        4
 Agony                    Necr           0%         N/A       100%        5
 Death Channel            Necr           0%         N/A       100%        6
 Lehudib's Crystal Spear  Conj/Erth      0%         10d2      100%        8


Dungeon Overview and Level Annotations

Branches:
Dungeon (8/15)             Temple (1/1) D:5
   Lair: D:8-11

Altars:
Ashenzari
Cheibriados
Dithmenos
Elyvilon
Fedhas
Gozag
Hepliaklqana
Kikubaaqudgha
Makhleb
Qazlal
Trog
Uskayaw
Vehumet
Wu Jian
Xom
Yredelemnul
Zin

Shops:
D:4 :   D:6 ?[(((

Annotations:
D:4 2 transporters, Goofygoober's ghost, weakling DgIE


Innate Abilities, Weirdness & Mutations

You have a pair of horns on your head.
You reflexively headbutt those who attack you in melee.


Message History

The larval weirdfire beast constricts you.
The larval weirdfire beast hits you!
The larval weirdfire beast constricts you.
You are too injured to fight recklessly!
You are too injured to fight recklessly!
You are too injured to fight recklessly!
Unknown command.
You slash the larval weirdfire beast!
You headbutt the larval weirdfire beast.
You kill the larval weirdfire beast!
You now have 448 gold pieces (gained 7).
You start resting.
A steam dragon comes into view.
A steam dragon is nearby!
A steam dragon is nearby!
You are too injured to fight recklessly!
You are too injured to fight recklessly!
You are too injured to fight recklessly!
Throw: 12 darts (poison)
Press: ? - help, Q - select action, (/) - cycle Shift-Dir - straight line, f - steam dragon
Aim: a steam dragon (wandering, hasn't noticed you, 64% to hit)
You throw a poisoned dart.
The poisoned dart hits the steam dragon!
The steam dragon is poisoned.
The steam dragon hisses angrily.
Throw: 11 darts (poison)
Press: ? - help, Q - select action, (/) - cycle Shift-Dir - straight line, f - you Really target yourself?
Okay, then.
You now have 460 gold pieces (gained 12).
A larval stingfire beast comes into view.
The larval stingfire beast roars!
The larval stingfire beast misses you. The steam dragon breathes steam at you.
The ball of steam hits you!!
* * * LOW HITPOINT WARNING * * *
The larval stingfire beast breathes flames at you.
The blast of flame hits you!
You die...
Your body crumbles into a pile of gold.

#######.# ## #......##
#.# #.#####.###.#
#####.# ##.#.#####
...#.# #.......#
###.#.######..####.###
###..........#..........
#.......####...^.###.###
#.#.#.######@#.#.## .#
#....$D...ยงยง.H....# .#
#.#.#.######.#.#..# .#
.....# #......# .#
#.#..[. #.#.##.#
#.#.###. #.#...... # #.
.. .......### .# ..
......... . (###.#######


You could see a larval stingfire beast (catching breath).

Vanquished Creatures
  A wyvern (D:7)
  Menkaure (D:4)
  2 water moccasins
  A black bear (D:6)
  A centaur (D:7)
  An ogre (D:7)
  2 phantoms
  Blork the orc (D:4)
  6 bullfrogs
  4 scorpions
  3 killer bees (D:8)
  3 howler monkeys
  A jelly (D:5)
  6 hounds
  2 orc priests
  2 orc wizards
  3 iguanas
  Ijyb (D:4)
  A mutant beast (D:8)
  8 adders
  2 shadow imps
  An ufetubus (D:4)
  3 worms
  5 dart slugs
  19 orcs
  3 endoplasms (D:1)
  2 giant cockroaches
  10 goblins
  5 hobgoblins
  2 quokkas
  9 ball pythons
  5 bats
  2 frilled lizards
  6 kobolds
  5 rats
129 creatures vanquished.

Notes
Turn   | Place    | Note
-------+----------+-------------------------------------------
     0 | D:1      | Age the Minotaur Fighter began the quest for the Orb.
     0 | D:1      | Reached XP level 1. HP: 19/19 MP: 0/0
   104 | D:1      | Reached XP level 2. HP: 24/27 MP: 1/1
   494 | D:3      | Found a glowing silver altar of Zin.
   530 | D:3      | Reached XP level 3. HP: 33/33 MP: 2/2
   866 | D:3      | Found a broken altar of Ashenzari.
   914 | D:4      | Reached XP level 4. HP: 41/41 MP: 3/3
   929 | D:4      | Reached XP level 5. HP: 9/47 MP: 4/4
  1304 | D:4      | Found Ochere's Book Boutique.
  1307 | D:4      | Found a transporter.
  1309 | D:4      | Noticed Goofygoober's ghost (weakling DgIE)
  1330 | D:4      | Noticed Ijyb
  1334 | D:4      | Paralysed by Ijyb for 4 turns
  1347 | D:4      | Killed Ijyb
  1436 | D:4      | Noticed Blork the orc
  1442 | D:4      | Killed Blork the orc
  1443 | D:4      | Reached skill level 5 in Fighting
  1443 | D:4      | Reached skill level 5 in Armour
  1443 | D:4      | Reached skill level 5 in Shields
  1452 | D:4      | Reached XP level 6. HP: 39/56 MP: 5/5
  1555 | D:4      | Noticed Menkaure
  1562 | D:4      | Killed Menkaure
  1845 | D:4      | Found a transporter.
  1971 | D:5      | Entered Level 5 of the Dungeon
  2134 | D:5      | Found a staircase to the Ecumenical Temple.
  2197 | Temple   | Entered the Ecumenical Temple
  3490 | D:2      | Reached skill level 5 in Axes
  3830 | D:3      | Found a hide-covered altar of Uskayaw.
  3889 | D:5      | Reached XP level 7. HP: 37/62 MP: 6/6
  5415 | D:6      | Found Forhed's Magic Scroll Shop.
  5444 | D:6      | Reached skill level 2 in Throwing
  5444 | D:6      | Reached XP level 8. HP: 68/71 MP: 7/7
  5503 | D:6      | Reached skill level 3 in Throwing
  5612 | D:6      | Found Rinn's Antique Weapon Shop.
  5655 | D:6      | Reached skill level 4 in Throwing
  5682 | D:6      | Found an opulent altar of Gozag.
  5689 | D:6      | Became a worshipper of Gozag Ym Sagoz the Greedy
  5899 | D:6      | Identified the +4 rapier "Umeeb" {flame, rC+}
  5915 | D:6      | Reached skill level 5 in Throwing
  6163 | D:6      | Reached skill level 6 in Throwing
  6211 | D:6      | Found Qagatz's Weapon Shoppe.
  6246 | D:6      | Found Buqav's Weapon Shop.
  6274 | D:6      | Found Aheygruj's Armour Shoppe.
  6290 | D:6      | Reached skill level 7 in Throwing
  6698 | D:6      | Bought a scroll of revelation for 97 gold pieces
  6744 | D:7      | Reached skill level 8 in Throwing
  6813 | D:7      | Noticed a two-headed ogre
  6842 | D:6      | Reached skill level 9 in Throwing
  7279 | D:7      | Reached skill level 10 in Throwing
  7666 | D:7      | Reached XP level 9. HP: 35/78 MP: 8/8
  8004 | D:8      | Reached skill level 11 in Throwing
  8390 | D:8      | Reached skill level 12 in Throwing
  8406 | D:8      | Killed from afar by a larval stingfire beast

Illustrated notes

Levels and vault maps discovered:
D:1:      roderic_crop_circles_arrival_small, layout_basic,
          nicolae_figureground_pulse
D:2:      layout_loops_corners, grunt_ministairs_1
D:3:      layout_loops_cross, mainiacjoe_overflow_tiny_flanked,
          nicolae_uskayaw_suspiria, nicolae_overflow_crystal_walls
D:4:      layout_loops_ring, gammafunk_ghost_mausoleum, serial_shops,
          nicolae_shop_tiny_glass, uniq_blork_the_orc, uniq_ijyb, uniq_menkaure
D:5:      layout_loops_corners, minmay_temple_entry_statues_fountains,
          serial_rivers, chequers_serial_rivers_room_b,
          chequers_serial_rivers_micro_e, chequers_serial_rivers_micro_a,
          chequers_serial_rivers_room_a
D:6:      layout_loops_corners, mainiacjoe_overflow_24_doors, serial_shops,
          nicolae_shop_crystal, nicolae_shop_back_alley_shop,
          nicolae_shop_bloodbath_and_beyond, nicolae_shop_rolling_square,
          nicolae_shop_real_fake_doors
D:7:      layout_rooms, chequers_serial_rivers_large_a
D:8:      layout_loops_ring, nicolae_beast_mode
Temple:   nicolae_temple_bog_church

Skill      XL: |  1  2  3  4  5  6  7  8  9 |
---------------+----------------------------+-----
Armour         | 4 5 6 |  6.5
Shields        | 4 5 6 |  6.4
Fighting       | 4 5 6 |  6.4
Axes           | 3 4 5 |  5.9
Throwing       | 2 10 12 | 12.1

Action                     |  1- 3 |  4- 6 |  7- 9 || total
---------------------------+-------+-------+-------++-------
  Melee: War axe           |    67 |   127 |   202 ||   396
         Headbutt          |    10 |    15 |    47 ||    72
  Throw: Dart              |       |       |    10 ||    10
    Use: Potion            |       |     1 |     1 ||     2
         Scroll            |       |       |     9 ||     9
   Stab: Distracted        |       |       |     2 ||     2
 Armour: Scale mail        |    36 |   105 |   178 ||   319
  Dodge: Dodged            |    21 |    60 |    96 ||   177
  Block: Buckler           |    15 |    34 |    72 ||   121

Table legend: (Time is in decaauts)
 A = Elapsed time spent in this place.
 B = Non-inter-level travel time spent in this place.
 C = Inter-level travel time spent in this place.
 D = Time resting spent in this place.
 E = Time spent auto-exploring this place.
 F = Levels seen in this place.
 G = Mean time per level.
                   A        B        C        D        E       F      G
               +--------+--------+--------+--------+--------+-----+--------+
         Total |   8531 |   7662 |    869 |    690 |   5897 |   9 |  947.9 |
       Dungeon |   8488 |   7662 |    826 |    690 |   5897 |   8 | 1061.0 |
        Temple |     43 |      1 |     42 |      0 |      0 |   1 |   43.0 |
               +--------+--------+--------+--------+--------+-----+--------+

Top non-repeatable levels by time:
     D:5: 1843 daAuts
     D:6: 1601 daAuts
     D:4: 1120 daAuts
     D:2: 1019 daAuts
     D:7: 1016 daAuts
     D:1: 779 daAuts
     D:3: 681 daAuts
     D:8: 425 daAuts
  Temple: 43 daAuts
